 Dungeon Crawl Stone Soup version 0.28-a0-589-g333b8329f1 (webtiles) character file.

Game seed: 6642564435537073618

118 Demosthentine the Poker (level 5, -3/41 HPs)
             Began as a Merfolk Gladiator on Oct 4, 2021.
             Slain by Grinder (7 damage)
             ... on level 3 of the Dungeon.
             The game lasted 00:01:16 (1990 turns).

Demosthentine the Poker (Merfolk Gladiator)         Turns: 1990, Time: 00:01:17

Health: -3/41      AC:  6    Str: 16    XL:     5   Next: 2%
Magic:  5/5        EV: 14    Int:  7    God:
Gold:   138        SH:  0    Dex: 15    Spells: 4/4 levels left

rFire   . . .      SeeInvis .   a - +1 trident (freeze)
rCold   . . .      Faith    .   (no shield)
rNeg    . . .      Spirit   .   b - +0 leather armour
rPois   .          Reflect  .   c - +0 helmet
rElec   .          Harm     .   (no cloak)
rCorr   .          Rampage  .   h - +1 pair of gloves
Will    .....                   (no boots)
Stlth   +.........              (no amulet)
HPRegen 0.13/turn               (no ring)
MPRegen 0.09/turn               (no ring)

@: attractive
A: (nimble swimmer 2), mertail
a: no special abilities


You were on level 3 of the Dungeon.
You visited 1 branch of the dungeon, and saw 3 of its levels.

You collected 138 gold pieces.

Inventory:

Hand Weapons
 a - a +1 trident of freezing (weapon)
Missiles
 d - 4 throwing nets (quivered)
Armour
 b - a +0 leather armour (worn)
 c - a +0 helmet (worn)
 h - a +1 pair of gloves (worn)
Scrolls
 e - a scroll of teleportation
 l - a scroll of noise {unknown}
Potions
 f - a potion of degeneration {unknown}
 g - a potion of haste {unknown}
 i - a potion of attraction
 j - 2 potions of curing {unknown}
 k - a potion of lignification {unknown}
 m - a potion of flight {unknown}


   Skills:
 + Level 3.2 Fighting
 + Level 5.5 Polearms
 - Level 2.0 Throwing
 + Level 1.3 Armour
 + Level 5.1 Dodging


You had 4 spell levels left.
You didn't know any spells.
Your spell library contained the following spells:

 Spells                   Type           Power      Damage    Failure   Level
 Slow                     Hex            0%         N/A       65%         2
 Confusing Touch          Hex            0%         N/A       86%         3
 Vampiric Draining        Necr           0%         2d6       86%         3


Dungeon Overview and Level Annotations

Branches:
Dungeon (3/15)

Altars:
Vehumet

Annotations:
D:3 Grinder


Innate Abilities, Weirdness & Mutations

((You are quick and stealthy near water. (Stealth+, EV+, Speed+++)))
Your lower body shifts to a powerful aquatic tail in water.


Message History

There are monsters nearby!
The bat hits you but does no damage. x2
You closely miss the bat. The bat closely misses you.
The bat closely misses you. x2
There are monsters nearby!
You barely miss the bat. The bat hits you but does no damage. Grinder hits you.
You writhe in agony.
You barely miss Grinder. Grinder hits you but does no damage.
You closely miss Grinder. Grinder misses you.
You barely miss Grinder. Grinder closely misses you.
You barely miss Grinder. Grinder misses you.
You puncture Grinder!
Grinder is moderately wounded.
Grinder barely misses you.
You closely miss Grinder.
Grinder is moderately wounded.
Grinder barely misses you.
You puncture Grinder!
Grinder is heavily wounded.
Grinder hits you.
You barely miss Grinder.
Grinder is heavily wounded.
Grinder hits you.
You writhe in agony.
You are too injured to fight recklessly!
You are too injured to fight recklessly!
You are too injured to fight recklessly!
Unknown command.
You hit Grinder but do no damage.
Grinder is heavily wounded.
Grinder hits you.
You writhe in agony.
You hit Grinder but do no damage.
Grinder is heavily wounded.
Grinder hits you!
* * * LOW HITPOINT WARNING * * *
You writhe in agony.
* * * LOW HITPOINT WARNING * * *
It was a potion of attraction.
You feel attractive to monsters. Grinder hits you!
You die...

# #. #.. .#...
......#######
#....b5@....#
#.....#####.# #.?##
#.# # #.# #.# #.#
###### #.#
#....####.#
#########.......#.#


You could see Grinder and a bat.

Vanquished Creatures
  Jessica (D:3)
  Natasha (D:3)
  Robin (D:2)
  An adder (D:2)
  4 ball pythons
  5 endoplasms (D:1)
  A giant cockroach (D:2)
  11 goblins
  4 hobgoblins
  4 jackals (D:2)
  2 bats
  5 frilled lizards
  4 rats
44 creatures vanquished.

Notes
Turn   | Place    | Note
-------+----------+-------------------------------------------
     0 | D:1      | Demosthentine the Merfolk Gladiator began the quest for the
                  | Orb.
     0 | D:1      | Reached XP level 1. HP: 16/16 MP: 1/1
   328 | D:1      | Reached XP level 2. HP: 23/23 MP: 2/2
   951 | D:2      | Reached XP level 3. HP: 20/28 MP: 3/3
  1232 | D:2      | Reached skill level 5 in Polearms
  1236 | D:2      | Reached skill level 1 in Armour
  1301 | D:2      | Noticed Robin
  1306 | D:2      | Killed Robin
  1317 | D:2      | Reached XP level 4. HP: 32/34 MP: 4/4
  1667 | D:2      | Found a faded altar of an unknown god.
  1734 | D:3      | Noticed Jessica
  1737 | D:3      | Killed Jessica
  1745 | D:3      | Noticed Natasha
  1754 | D:3      | Killed Natasha
  1755 | D:3      | Reached skill level 5 in Dodging
  1755 | D:3      | Reached XP level 5. HP: 25/41 MP: 5/5
  1912 | D:3      | Found a radiant altar of Vehumet.
  1973 | D:3      | Noticed Grinder
  1990 | D:3      | Slain by Grinder

Illustrated notes

Levels and vault maps discovered:
D:1:      ebering_trefoil_3fold, layout_loops_corners, minmay_tree_intersection,
          kennysheep_decorative_pillar, hangedman_decor_points,
          serial_bayou_pond_e
D:2:      layout_rooms, hellmonk_ecumenical_altar_inner_sanctum,
          minmay_stone_trees_medium, uniq_robin
D:3:      layout_basic, lemuel_doored_altar, mainiacjoe_overflow_alcove_1,
          uniq_jessica, uniq_natasha, uniq_grinder

Skill      XL: |  1  2  3  4 |
---------------+-------------+-----
Polearms       | 5 |  5.5
Armour         | 1 |  1.3
Fighting       | 3 |  3.2
Dodging        | 5 |  5.1
Throwing       | |  2.0

Action                   |  1- 3 |  4- 6 || total
-------------------------+-------+-------++-------
Melee: Trident           |   100 |    37 ||   137
  Use: Scroll            |     3 |     3 ||     6
       Potion            |       |     1 ||     1
 Stab: Sleeping          |     1 |     1 ||     2
       Distracted        |     1 |       ||     1
Armor: Leather armour    |    19 |    10 ||    29
Dodge: Dodged            |    47 |    27 ||    74

Table legend: (Time is in decaauts)
 A = Elapsed time spent in this place.
 B = Non-inter-level travel time spent in this place.
 C = Inter-level travel time spent in this place.
 D = Time resting spent in this place.
 E = Time spent auto-exploring this place.
 F = Levels seen in this place.
 G = Mean time per level.
                   A        B        C        D        E       F      G
               +--------+--------+--------+--------+--------+-----+--------+
         Total |   1993 |   1910 |     83 |     21 |   1608 |   3 |  664.3 |
       Dungeon |   1993 |   1910 |     83 |     21 |   1608 |   3 |  664.3 |
               +--------+--------+--------+--------+--------+-----+--------+

Top non-repeatable levels by time:
     D:1: 931 daAuts
     D:2: 805 daAuts
     D:3: 255 daAuts
